Map: Thunderbird LE

Players

senier - Winner!

  • Race: Protoss Protoss
  • League: Gold
  • Spawn Location: 11:00

TiPtOP

  • Race: Terran Terran
  • League: Silver
  • Spawn Location: 5:00

VOD

Have the link to the VOD?

Description

Time

  • Played on: Aug. 18, 2019, 8:17 p.m.
  • Length: 20:04
Show
View Real Time Build Order
Export as new Build Order

senier Protoss - Winner!

Build Orders: Oracle Opening 

Get SALT Encoding   

  1  0:00  Probe  
  12  0:05  Probe  
  14  0:17  Pylon  
  14  0:21  Probe  
  15  0:36  Gateway  
  15  0:38  Probe  
  16  0:50  Probe  
  16  0:54  Assimilator  
  17  0:59  Probe, Assimilator  
  18  1:07  Probe  
  19  1:16  Probe  
  20  1:26  Cybernetics Core  
  20  1:28  Probe  
  21  1:34  Pylon  
  21  1:40  Probe  
  21  1:45  Pylon  
  22  2:03  Stalker  
  24  2:16  Stargate  
  24  2:18  Warp Gate  
  24  2:27  Gateway  
  24  2:37  Stalker  
  26  2:49  Twilight Council  
  26  2:59  Oracle  
  29  3:15  Zealot x2  
  33  3:25  Pylon  
  33  3:27  Charge  
  33  3:46  Nexus  
  33  4:03  Pylon  
  33  4:44  Probe  
  33  4:49  Templar Archives  
  33  4:52  Probe  
  34  4:55  Gateway  
  35  5:01  Gateway  
  35  5:02  Probe, Gateway  
  35  5:03  Probe  
  36  5:12  Probe  
  38  5:14  Probe  
  39  5:21  Probe  
  39  5:26  Probe  
  41  5:33  Probe  
  42  5:56  Psionic Storm  
  42  6:00  Probe  
  42  6:04  Zealot x4  
  45  6:05  Zealot  
  53  6:12  Probe  
  53  6:16  Fleet Beacon  
  54  6:21  Pylon  
  54  6:23  Pylon  
  54  6:24  Probe  
  55  6:28  Pylon  
  55  6:36  Probe, Dark Shrine  
  56  6:45  Assimilator x2  
  56  6:48  Probe  
  56  6:49  Pylon  
  57  6:59  High Templar x2, Probe, Forge  
  62  7:02  Forge  
  62  7:07  Probe  
  63  7:15  Probe  
  63  7:20  Probe  
  64  7:27  Probe  
  64  7:28  Probe  
  66  7:31  Tempest  
  66  7:34  Protoss Ground Weapons Level 1  
  72  7:37  Probe  
  72  7:38  High Templar  
  72  7:39  Probe  
  76  7:49  Probe, Dark Templar  
  79  7:51  Zealot x2, Probe  
  79  7:52  Zealot  
  86  8:01  Probe  
  86  8:03  Probe  
  88  8:16  Tempest  
  93  8:29  Cybernetics Core  
  93  8:38  Stargate  
  93  8:42  Zealot, Protoss Air Weapons Level 1  
  93  8:43  Zealot x2  
  93  8:44  Zealot  
  101  8:55  Nexus  
  101  9:04  Pylon  
  101  9:07  Pylon x3  
  101  9:08  Pylon  
  101  9:26  Tempest x2  
  93  10:22  Tempest x2  
  93  10:26  Archon  
  103  10:30  Probe  
  103  10:35  Probe  
  104  10:38  Probe  
  106  10:43  Probe  
  106  10:47  Probe  
  106  10:49  Probe, Assimilator  
  107  10:51  Assimilator  
  107  10:53  Probe  
  107  10:57  Probe  
  110  10:59  Zealot x2, Probe  
  110  11:00  Zealot x3  
  110  11:01  Protoss Ground Weapons Level 2  
  122  11:05  Probe  
  122  11:06  Probe  
  124  11:11  Probe  
  124  11:13  Protoss Air Weapons Level 2  
  124  11:17  Probe  
  126  11:18  Probe  
  126  11:20  Protoss Air Armor Level 1  
  127  11:30  Probe  
  128  11:37  Zealot x3  
  128  11:38  Zealot x2  
  138  11:49  Tempest x2  
  138  11:50  Gateway  
  138  11:51  Gateway  
  138  11:53  Gateway  
  148  11:56  Gateway  
  148  11:57  Protoss Ground Armor Level 1  
  148  11:58  Gateway  
  148  12:00  Forge  
  148  12:02  Gateway  
  137  12:34  Nexus, Pylon  
  137  12:35  Pylon  
  137  12:37  Pylon  
  137  12:39  Pylon  
  137  13:08  Tempest x2  
  147  13:25  Robotics Facility  
  147  13:26  Robotics Facility  
  147  13:27  Pylon x2  
  147  13:28  Pylon  
  147  13:35  Pylon  
  147  13:37  Protoss Ground Weapons Level 3, Protoss Shields Level 1  
  147  13:38  Pylon  
  147  13:39  Pylon  
  147  13:56  Carrier x2, Probe  
  160  14:04  Assimilator, Probe  
  160  14:07  Assimilator  
  161  14:14  Probe  
  162  14:20  Nexus  
  162  14:25  Robotics Facility  
  162  14:26  Robotics Facility, Probe  
  162  14:29  Robotics Facility  
  163  14:32  Robotics Bay  
  163  14:35  Observer x2  
  165  14:38  Probe  
  165  14:40  Pylon  
  166  14:54  Probe  
  165  15:02  Probe  
  166  15:09  Pylon x2  
  166  15:10  Probe, Pylon  
  166  15:11  Pylon  
  166  15:12  Probe  
  167  15:14  Pylon  
  167  15:18  Probe  
  168  15:22  Unknown x2  
  168  15:23  Probe  
  168  15:24  Probe  
  168  15:28  Probe  
  171  15:31  Probe  
  171  15:32  Protoss Ground Armor Level 2  
  172  15:36  Probe  
  172  15:39  Blink  
  172  15:40  Probe  
  172  15:41  Probe  
  172  15:42  Probe  
  175  15:43  Protoss Air Armor Level 2  
  175  15:45  Mothership  
  175  15:47  Protoss Air Weapons Level 3  
  177  15:50  Probe  
  177  15:52  Probe  
  177  15:53  Probe  
  188  15:58  Probe  
  188  16:03  Disruptor  
  188  16:04  Disruptor  
  192  16:05  Probe  
  192  16:06  Immortal  
  200  17:02  Anion Pulse-Crystals  
  200  17:13  Nexus  
  200  17:22  Pylon x2  
  200  17:23  Pylon  
  200  17:25  Pylon  
  200  17:27  Pylon  
  200  17:30  Pylon  
  200  17:44  Nexus  
  200  17:59  Nexus  
  200  18:00  Nexus  
  200  18:08  Nexus  
  200  18:11  Nexus  
  152  19:09  Dark Templar  
  133  19:10  Dark Templar x3  
  133  19:11  Dark Templar x2  
  133  19:12  Dark Templar x4  
  133  19:13  Dark Templar  
Show
View Real Time Build Order
Export as new Build Order

TiPtOP Terran 

Build Orders: Mech 

Get SALT Encoding   

  12  0:01  SCV  
  13  0:13  SCV  
  14  0:18  Supply Depot  
  14  0:25  SCV  
  15  0:40  SCV  
  15  0:41  Barracks  
  16  0:47  Refinery  
  16  1:05  SCV  
  17  1:21  SCV  
  18  1:34  Orbital Command  
  18  1:45  Marine, Command Center  
  19  2:01  SCV  
  20  2:10  Factory  
  19  2:23  Barracks Tech Lab  
  19  2:35  Supply Depot  
  19  2:45  SCV  
  20  2:55  Engineering Bay  
  20  2:57  SCV  
  21  3:15  Supply Depot  
  21  3:16  SCV  
  21  3:18  Refinery  
  22  3:24  Orbital Command  
  22  3:28  SCV  
  23  3:37  Missile Turret  
  23  3:40  SCV  
  24  3:45  Missile Turret  
  24  3:46  Siege Tank  
  27  3:55  SCV  
  28  3:56  SCV  
  29  4:07  SCV  
  30  4:10  Factory  
  30  4:42  Siege Tank  
  33  4:48  SCV x2  
  35  5:00  SCV  
  35  5:01  Factory Reactor  
  35  5:06  Factory  
  35  5:54  Siege Tank  
  38  6:00  Hellion x2  
  42  6:05  Factory Tech Lab  
  42  6:17  Command Center  
  42  6:24  Supply Depot  
  42  6:39  SCV  
  43  6:49  Orbital Command, Supply Depot  
  43  6:51  SCV  
  44  6:59  Siege Tank  
  47  7:03  SCV  
  48  7:44  Refinery x2  
  48  7:45  Armory  
  48  7:52  Missile Turret  
  48  7:56  SCV x2  
  50  8:08  SCV x2  
  52  8:15  Supply Depot x3  
  52  8:20  SCV x2  
  54  8:32  Hellion x2  
  58  8:34  Orbital Command  
  58  8:40  Missile Turret  
  58  8:43  SCV  
  58  8:44  SCV  
  60  8:56  SCV  
  61  9:06  Supply Depot  
  61  9:08  Thor  
  61  9:09  Thor  
  73  9:29  Missile Turret  
  73  9:33  Widow Mine x2  
  70  9:50  Missile Turret  
  70  9:51  Thor x2  
  79  9:54  Widow Mine  
  43  10:14  Hellbat  
  43  10:15  Hellbat  
  41  10:34  Siege Tank  
  41  10:35  Hellbat  
  46  10:36  Hellbat  
  48  11:04  Factory Tech Lab  
  48  11:06  Thor  
  48  11:09  Widow Mine x2  
  58  11:33  Thor  
  58  11:39  Supply Depot  
  64  11:40  Supply Depot  
  64  11:42  Supply Depot  
  64  11:43  Supply Depot  
  64  11:49  Thor  
  66  12:16  Thor, Orbital Command  
  72  12:32  Thor  
  78  12:47  Missile Turret  
  78  12:54  Missile Turret  
  78  12:59  Siege Tank  
  78  13:00  Missile Turret x2  
  78  13:03  Missile Turret  
  81  13:06  Supply Depot  
  81  13:12  Terran Vehicle Weapons Level 1  
  81  13:15  Siege Tank  
  81  13:16  Supply Depot  
  81  13:18  Supply Depot  
  84  13:23  Supply Depot  
  84  13:24  Supply Depot  
  84  13:41  Refinery  
  84  13:45  Refinery  
  84  13:55  Command Center  
  84  14:14  SCV  
  85  14:26  SCV  
  87  14:38  SCV  
  87  14:40  Hi-Sec Auto Tracking  
  87  14:50  Thor, SCV, Hellbat  
  87  14:51  Hellbat x2  
  100  14:53  Infernal Pre-Igniter  
  100  15:02  SCV  
  101  15:12  Thor  
  108  15:14  SCV  
  108  15:22  SCV  
  108  15:27  SCV  
  111  15:33  Thor  
  116  15:38  Supply Depot  
  116  15:39  SCV  
  117  15:54  Thor  
  123  16:01  Supply Depot  
  123  16:07  Hellion, Hellbat  
  127  16:16  Thor  
  133  16:28  Hellbat x2  
  137  16:57  Refinery  
  137  16:58  Missile Turret, Refinery  
  137  16:59  Missile Turret  
  137  17:07  Supply Depot  
  137  17:08  Supply Depot  
  137  17:13  Supply Depot  
  137  17:17  Orbital Command  
  137  17:19  Missile Turret  
  137  17:30  Thor x6, Supply Depot  
  137  17:31  Thor x2, Supply Depot  
  137  17:53  SCV x3  
  137  17:55  Thor x2, Supply Depot  
  152  18:00  Smart Servos  
  151  18:05  SCV x2  
  151  18:06  Armory  
  100  18:35  Hellbat  
  100  18:36  Hellbat  
  100  18:38  Hellbat  
  44  19:06  Hellbat x2  
Tags
 
Add a new tag
Caveats
  • Supply blocks, unpowered buildings, or Contaminate may cause inaccurate times.
  • Supply counts are checked every 10 seconds.